3A
HOGSMEADE CAULDRONS @ WASHINGTON GENERALS
07/26/2022
 
TOP OF THE 1ST
Hogsmeade Cauldrons batting - Pitching for Washington Generals : LHP César Rosado
Pitching: LHP César Rosado
Batting: RHB Jesús Cisneros 0-0: Ball
1-0: Called Strike
1-1: Ground out 6-3 (Groundball, 6)
Batting: RHB Ernesto Souza 0-0: Ball
1-0: Fly out, F8 (Flyball, 8RM)
Batting: RHB Raúl Reyna 0-0: Fly out, F9 (Flyball, 89M)
Top of the 1st over - 0 run(s), 0 hit(s), 0 error(s), 0 left on base; Hogsmeade 0 - Washington 0
BOTTOM OF THE 1ST
Washington Generals batting - Pitching for Hogsmeade Cauldrons : LHP Octávio Ríos
Pitching: LHP Octávio Ríos
Batting: RHB Iván Rodríguez 0-0: Ball
1-0: Ball
2-0: Ball
3-0: Base on Balls
Batting: LHB Michael Whorton 0-0: Swinging Strike
0-1: Ball
1-1: Foul Ball, location: 2F
1-2: Ball
2-2: Fielders Choice at 2nd, 1-6 (Groundball, 23)
Batting: RHB Harley Gray 0-0: Ball
1-0: Called Strike
1-1: Ball
Michael Whorton steals 2nd base
2-1: Fly out, F8 (Flyball, 8LM)
Batting: RHB Arturo Morales 0-0: Swinging Strike
0-1: Swinging Strike
0-2: Ball
1-2: Strikes out looking
Bottom of the 1st over - 0 run(s), 0 hit(s), 0 error(s), 1 left on base; Hogsmeade 0 - Washington 0
TOP OF THE 2ND
Hogsmeade Cauldrons batting - Pitching for Washington Generals : LHP César Rosado
Batting: SHB Fernando Sánchez 0-0: SINGLE (Flyball, 8LS)
Batting: RHB Santiago Mosca 0-0: Ball
1-0: Grounds into double play, 6-4-3 (Groundball, 6)
Batting: RHB Gonzalo Ángel 0-0: Called Strike
0-1: Ball
1-1: Foul Ball, location: 2F
1-2: Foul Ball, location: 2F
1-2: Foul Ball, location: 2F
1-2: Strikes out swinging
Top of the 2nd over - 0 run(s), 1 hit(s), 0 error(s), 0 left on base; Hogsmeade 0 - Washington 0
BOTTOM OF THE 2ND
Washington Generals batting - Pitching for Hogsmeade Cauldrons : LHP Octávio Ríos
Batting: SHB Carlos Alicea 0-0: Ball
1-0: Ball
2-0: Ground out 4-3 (Groundball, 4M)
Batting: RHB Tim Lehman 0-0: Called Strike
0-1: Ball
1-1: Ball
2-1: Foul Ball, location: 2F
2-2: Ball
3-2: DOUBLE (Flyball, 9LM)
Batting: SHB Júlio Camacho 0-0: Swinging Strike
0-1: Ball
1-1: Ball
2-1: Ball
3-1: Ground out 5-3 (Groundball, 5)
Batting: LHB Jim Unknown 0-0: Called Strike
0-1: Ball
1-1: Fly out, F9 (Flyball, 89D)
Bottom of the 2nd over - 0 run(s), 1 hit(s), 0 error(s), 1 left on base; Hogsmeade 0 - Washington 0
TOP OF THE 3RD
Hogsmeade Cauldrons batting - Pitching for Washington Generals : LHP César Rosado
Batting: RHB Héctor Casas 0-0: Ball
1-0: Ball
2-0: Ball
3-0: Called Strike
3-1: Base on Balls
Batting: RHB Reynaldo Pérez 0-0: Ball
1-0: Called Strike
1-1: Foul Ball, location: 2F
1-2: Fly out, F7 (Flyball, 7M)
Batting: RHB Jim Unknown 0-0: Called Strike
0-1: Ball
1-1: Ball
2-1: Foul Ball, location: 2F
2-2: Reached on error, E1 (Groundball, 23)
Héctor Casas to second
Batting: RHB Jesús Cisneros 0-0: Ball
1-0: Foul Ball, location: 2F
1-1: Foul Ball, location: 2F
1-2: Fly out, F9 (Flyball, 9M)
Batting: RHB Ernesto Souza 0-0: Ground out 1-3 (Groundball, 15)
Top of the 3rd over - 0 run(s), 0 hit(s), 1 error(s), 2 left on base; Hogsmeade 0 - Washington 0
BOTTOM OF THE 3RD
Washington Generals batting - Pitching for Hogsmeade Cauldrons : LHP Octávio Ríos
Batting: RHB Andy Moore 0-0: Ball
1-0: Bunted foul
1-1: Ball
2-1: Ball
3-1: Base on Balls
Batting: RHB Iván Rodríguez 0-0: SINGLE (Line Drive, 34D)
Andy Moore to second
Batting: LHB Michael Whorton 0-0: Ball
1-0: Ball
2-0: Called Strike
2-1: Foul Ball, location: 2F
2-2: Fly out, F8 (Flyball, 89M)
Batting: RHB Harley Gray 0-0: Ball
1-0: Ball
2-0: Swinging Strike
2-1: Fielders Choice at 2nd, 3-6 (Groundball, 3)
Andy Moore to third
Batting: RHB Arturo Morales 0-0: Ball
1-0: Ball
2-0: Called Strike
2-1: Foul Ball, location: 2F
2-2: Strikes out swinging
Bottom of the 3rd over - 0 run(s), 1 hit(s), 0 error(s), 2 left on base; Hogsmeade 0 - Washington 0
TOP OF THE 4TH
Hogsmeade Cauldrons batting - Pitching for Washington Generals : LHP César Rosado
Batting: RHB Raúl Reyna 0-0: Called Strike
0-1: Ball
1-1: Ground out 6-3 (Groundball, 56)
Batting: SHB Fernando Sánchez 0-0: Ball
1-0: Ball
2-0: Called Strike
2-1: Ball
3-1: Base on Balls
Batting: RHB Santiago Mosca 0-0: Swinging Strike
0-1: Ball
1-1: Called Strike
1-2: Ball
2-2: Foul Ball, location: 2F
2-2: Foul Ball, location: 2F
2-2: Strikes out swinging
Batting: RHB Gonzalo Ángel 0-0: Foul Ball, location: 2F
0-1: Ball
1-1: Ball
2-1: Swinging Strike
2-2: Foul Ball, location: 2F
2-2: Strikes out swinging
Top of the 4th over - 0 run(s), 0 hit(s), 0 error(s), 1 left on base; Hogsmeade 0 - Washington 0
BOTTOM OF THE 4TH
Washington Generals batting - Pitching for Hogsmeade Cauldrons : LHP Octávio Ríos
Batting: SHB Carlos Alicea 0-0: Swinging Strike
0-1: Ball
1-1: Foul Ball, location: 2F
1-2: Strikes out swinging
Batting: RHB Tim Lehman 0-0: Ball
1-0: Ball
2-0: Called Strike
2-1: Foul Ball, location: 2F
2-2: Ball
3-2: Strikes out swinging
Batting: SHB Júlio Camacho 0-0: Ball
1-0: Fly out, F8 (Line Drive, 8LM)
Bottom of the 4th over - 0 run(s), 0 hit(s), 0 error(s), 0 left on base; Hogsmeade 0 - Washington 0
TOP OF THE 5TH
Hogsmeade Cauldrons batting - Pitching for Washington Generals : LHP César Rosado
Batting: RHB Héctor Casas 0-0: Swinging Strike
0-1: Swinging Strike
0-2: Foul Ball, location: 2F
0-2: Foul Ball, location: 2F
0-2: Strikes out swinging
Batting: RHB Reynaldo Pérez 0-0: Swinging Strike
0-1: Called Strike
0-2: Ball
1-2: Ground out 6-3 (Groundball, 6)
Batting: RHB Jim Unknown 0-0: Ball
1-0: Foul Ball, location: 2F
1-1: Ball
2-1: Ground out 6-3 (Groundball, 6)
Top of the 5th over - 0 run(s), 0 hit(s), 0 error(s), 0 left on base; Hogsmeade 0 - Washington 0
BOTTOM OF THE 5TH
Washington Generals batting - Pitching for Hogsmeade Cauldrons : LHP Octávio Ríos
Batting: LHB Jim Unknown 0-0: Swinging Strike
0-1: Called Strike
0-2: Ball
1-2: Ball
2-2: Strikes out swinging
Batting: RHB Andy Moore 0-0: Ball
1-0: SINGLE (Groundball, 34D)
Batting: RHB Iván Rodríguez 0-0: Ball
1-0: Called Strike
1-1: Called Strike
1-2: Grounds into double play, 6-4-3 (Groundball, 6M)
Bottom of the 5th over - 0 run(s), 1 hit(s), 0 error(s), 0 left on base; Hogsmeade 0 - Washington 0
TOP OF THE 6TH
Hogsmeade Cauldrons batting - Pitching for Washington Generals : LHP César Rosado
Batting: RHB Jesús Cisneros 0-0: Ball
1-0: Foul Ball, location: 2F
1-1: Ball
2-1: Fly out, F9 (Popup, 89M)
Batting: RHB Ernesto Souza 0-0: Foul Ball, location: 2F
0-1: Foul Ball, location: 2F
0-2: Ball
1-2: Ball
2-2: SINGLE (Line Drive, 7S)
Batting: RHB Raúl Reyna 0-0: Foul Ball, location: 2F
0-1: Ball
1-1: Ball
2-1: Grounds into double play, U4-3 (Groundball, 4)
Top of the 6th over - 0 run(s), 1 hit(s), 0 error(s), 0 left on base; Hogsmeade 0 - Washington 0
BOTTOM OF THE 6TH
Washington Generals batting - Pitching for Hogsmeade Cauldrons : LHP Octávio Ríos
Batting: LHB Michael Whorton 0-0: Ground out 5-3 (Groundball, 5S)
Batting: RHB Harley Gray 0-0: Called Strike
0-1: Ground out 4-3 (Groundball, 4MS)
Batting: RHB Arturo Morales 0-0: Ball
1-0: Ball
2-0: Ball
3-0: Called Strike
3-1: Swinging Strike
3-2: SINGLE (Groundball, 6M)
Batting: SHB Carlos Alicea 0-0: Ball
1-0: Ball
Arturo Morales steals 2nd base
2-0: Called Strike
2-1: Swinging Strike
2-2: Strikes out swinging
Bottom of the 6th over - 0 run(s), 1 hit(s), 0 error(s), 1 left on base; Hogsmeade 0 - Washington 0
TOP OF THE 7TH
Hogsmeade Cauldrons batting - Pitching for Washington Generals : LHP César Rosado
Batting: SHB Fernando Sánchez 0-0: Ground out 5-3 (Groundball, 56S)
Batting: RHB Santiago Mosca 0-0: Reached on error, E5 (Groundball, 5S)
Batting: RHB Gonzalo Ángel 0-0: Ball
1-0: Ball
2-0: Called Strike
2-1: Ball
3-1: Ground out 5-3 (Groundball, 5L)
Santiago Mosca to second
Batting: RHB Héctor Casas 0-0: Intentional Walk
Pinch Hitting: RHB Jim Unknown 0-0: DOUBLE (Flyball, 8RM)
Santiago Mosca scores
Héctor Casas to third
Runner from 3rd tries for Home, SAFE, throw made home
Batting: RHB Jim Unknown 0-0: Intentional Walk
Batting: RHB Jesús Cisneros 0-0: Foul Ball, location: 2F
0-1: Foul Ball, location: 2F
0-2: Ball
1-2: Strikes out swinging
Top of the 7th over - 2 run(s), 1 hit(s), 1 error(s), 2 left on base; Hogsmeade 2 - Washington 0
BOTTOM OF THE 7TH
Washington Generals batting - Pitching for Hogsmeade Cauldrons : LHP Octávio Ríos
Now at SS: Jim Unknown
Batting: RHB Tim Lehman 0-0: Called Strike
0-1: Called Strike
0-2: Strikes out looking
Batting: SHB Júlio Camacho 0-0: Called Strike
0-1: Foul Ball, location: 2F
0-2: Ball
1-2: Ground out 6-3 (Groundball, 6M)
Batting: LHB Jim Unknown 0-0: Ball
1-0: Called Strike
1-1: Ball
2-1: Swinging Strike
2-2: SINGLE (Flyball, 8RS)
Batting: RHB Andy Moore 0-0: Ball
1-0: Ball
2-0: Called Strike
2-1: Ball
3-1: Called Strike
3-2: Fly out, F8 (Flyball, 89M)
Bottom of the 7th over - 0 run(s), 1 hit(s), 0 error(s), 1 left on base; Hogsmeade 2 - Washington 0
TOP OF THE 8TH
Hogsmeade Cauldrons batting - Pitching for Washington Generals : LHP César Rosado
Batting: RHB Ernesto Souza 0-0: Called Strike
0-1: Ball
1-1: Swinging Strike
1-2: Ground out 5-3 (Groundball, 56)
Batting: RHB Raúl Reyna 0-0: Called Strike
0-1: Called Strike
0-2: Foul Ball, location: 2F
0-2: Fly out, F8 (Flyball, 8LM)
Batting: SHB Fernando Sánchez 0-0: Fly out, F8 (Flyball, 8LS)
Top of the 8th over - 0 run(s), 0 hit(s), 0 error(s), 0 left on base; Hogsmeade 2 - Washington 0
BOTTOM OF THE 8TH
Washington Generals batting - Pitching for Hogsmeade Cauldrons : LHP Octávio Ríos
Pitching: RHP Jim Unknown
Batting: RHB Iván Rodríguez 0-0: Ball
1-0: Ball
2-0: SINGLE (Line Drive, 34)
Batting: LHB Michael Whorton 0-0: Fly out, F7 (Flyball, 78M)
Batting: RHB Harley Gray 0-0: Ball
1-0: Fly out, F9 (Flyball, 89M)
Batting: RHB Arturo Morales 0-0: Called Strike
0-1: Fielders Choice at 2nd, 6-4 (Groundball, 6)
Bottom of the 8th over - 0 run(s), 1 hit(s), 0 error(s), 0 left on base; Hogsmeade 2 - Washington 0
TOP OF THE 9TH
Hogsmeade Cauldrons batting - Pitching for Washington Generals : LHP César Rosado
Batting: RHB Santiago Mosca 0-0: Called Strike
0-1: Swinging Strike
0-2: Ball
1-2: Foul Ball, location: 2F
1-2: Strikes out swinging
Pitching: RHP Juan Rivas
Batting: RHB Gonzalo Ángel 0-0: Ball
1-0: Called Strike
1-1: Ball
2-1: Foul Ball, location: 2F
2-2: Strikes out swinging
Batting: RHB Héctor Casas 0-0: Ball
1-0: Foul Ball, location: 2F
1-1: Ball
2-1: Called Strike
2-2: Foul Ball, location: 2F
2-2: Strikes out swinging
Top of the 9th over - 0 run(s), 0 hit(s), 0 error(s), 0 left on base; Hogsmeade 2 - Washington 0
BOTTOM OF THE 9TH
Washington Generals batting - Pitching for Hogsmeade Cauldrons : RHP Jim Unknown
Batting: SHB Carlos Alicea 0-0: Ball
1-0: Called Strike
1-1: Ball
2-1: Ground out 4-3 (Groundball, 34)
Batting: RHB Tim Lehman 0-0: Called Strike
0-1: Swinging Strike
0-2: Ball
1-2: Ball
2-2: Strikes out looking
Batting: SHB Júlio Camacho 0-0: Ball
1-0: Fly out, F9 (Flyball, 89M)
Bottom of the 9th over - 0 run(s), 0 hit(s), 0 error(s), 0 left on base; Hogsmeade 2 - Washington 0
This league is powered by Out of the Park Baseball, the baseball management simulation game for PC, Mac and Linux
Friday, April 15th, 2016 - OOTP Baseball 16.9 Build 39